Selects Panzerjäger Kommand Battlegroup
Selects Blockade Equipment
Kradschützen Motorcycle Team
Construct Light Support Kompanie
le.IG 18 Support Gun Team
Panzerjäger Mechanized Group
Selects Defensive Positions
Selects Butterfly Bomb Drop
Pak 38 Anti-tank Gun Team
Selects Crew Shock Tactics
Panzerjäger Mechanized Group
Construct Panzerarmee Kommand
Selects Anti-tank Overwatch
Panzerjäger Mechanized Group